 Dungeon Crawl Stone Soup version 0.17-a0-288-gaf424a4 (webtiles) character file.

99 xeno23 the Digger (level 4, -3/24 HPs)
             Began as a Gargoyle Earth Elementalist on Mar 30, 2015.
             Slain by a worker ant (6 damage)
             ... on level 5 of the Dungeon.
             The game lasted 00:18:04 (2765 turns).

xeno23 the Digger (Gargoyle Earth Elementalist)     Turns: 2765, Time: 00:18:04

Health: -3/24      AC:  5    Str: 12    XL:     4   Next: 72%
Magic:  3/14       EV: 12    Int: 16    God:
Gold:   104        SH:  0    Dex: 10    Spells: 2 memorised, 3 levels left

rFire  . . .     SeeInvis .     c - +2 hand axe (chop)
rCold  . . .     Clarity  .     g - +0 robe (curse)
rNeg   + . .     SustAb   .     (no shield)
rPois  ∞         Gourm    .     (no helmet)
rElec  +         Spirit   .     (no cloak)
rCorr  .         Warding  .     (no gloves)
rMut   .         Stasis   .     (no boots)
MR     .....                    (no amulet)
Stlth  ++........               (no ring)
                                t - ring of magical power

@: not resistant to hostile enchantments, unstealthy
A: negative energy resistance 1, electricity resistance, unbreathing,
petrification resistance, rot immunity, AC +3
a: no special abilities


You were on level 5 of the Dungeon.
You were hungry.

You visited 1 branch of the dungeon, and saw 5 of its levels.

You collected 104 gold pieces.

Inventory:

Hand weapons
 c - a +2 hand axe of chopping (weapon)
Missiles
 b - 18 stones (quivered)
Armour
 e - a +0 leather armour
 g - a cursed +0 robe (worn)
Jewellery
 t - a ring of magical power (left hand)
Scrolls
 h - 4 scrolls of identify {unknown}
 i - a scroll of recharging {unknown}
 j - a scroll of remove curse {unknown}
 k - a scroll of blinking {unknown}
 l - a scroll of teleportation {unknown}
 q - a scroll of enchant weapon {unknown}
 s - a scroll of fear {unknown}
 v - a scroll of enchant armour {unknown}
Potions
 m - a potion of curing {unknown}
 o - a potion of cure mutation {unknown}
 p - a potion of magic {unknown}
 u - a potion of heal wounds {unknown}
 w - a potion of haste
Books
 d - a book of Geomancy

   Spells                             Type                      Level
   a - Sandblast                      Earth                        1
   b - Stoneskin                      Transmutation/Earth          2
   c - Passwall                       Transmutation/Earth          3
   d - Stone Arrow                    Conjuration/Earth            3
   e - Petrify                        Transmutation/Earth          4
   f - Lee's Rapid Deconstruction     Earth                        5
Comestibles
 a - 6 bread rations
 f - a beef jerky
 n - a chunk of flesh
 r - 3 meat rations


   Skills:
 - Level 1.6 Dodging
 - Level 2.1 Stealth
 - Level 2.0 Spellcasting
 + Level 2.1 Conjurations
   Level 0.7 Transmutations
 + Level 5.7 Earth Magic


You had 3 spell levels left.
You knew the following spells:

 Your Spells              Type           Power        Failure   Level  Hunger
a - Sandblast             Erth           ###...       1%          1    #......
q - Stone Arrow           Conj/Erth      ##....       14%         3    ###....


Dungeon Overview and Level Annotations

Branches:
Dungeon (5/15)
 Temple: D:4-7

Altars:
Elyvilon
Gozag
Xom
Zin

Annotations:
D:4 xeno23's ghost, average DrCj


Innate Abilities, Weirdness & Mutations

You are resistant to torment.
You are immune to poison.
Your stone body is very resilient (AC +3).
You resist negative energy.
You are resistant to electric shocks.
You can survive without breathing.
You are immune to petrification.
You are immune to rotting.


Message History

Aim: a worker ant (severely wounded)
The blast of sand misses the worker ant.
The worker ant bites you.
The worker ant bites you but does no damage.
You take 4 damage.
The worker ant bites you.
* * * LOW HITPOINT WARNING * * *
You take 3 damage.
The worker ant closely misses you. The worker ant barely misses you.
The worker ant closely misses you.
There is a stone staircase leading up here.
The worker ant bites you but does no damage.
You see here a scroll labeled UQOXTICHEYN.
The worker ant bites you.
* * * LOW HITPOINT WARNING * * *
You see here a scroll labeled UQOXTICHEYN.
You take 6 damage.
You see here a scroll labeled UQOXTICHEYN.
The worker ant bites you.
You die...

########
........#####
........#... #
........#.##.####
...................
####+##+#+#?#@##.#..#
#........<..a..#
#..........##.$#
+..............#
#..........#...#
#..........#...#
#..........+...#
#..........#...#
#..........#...#


You could see a worker ant.

Vanquished Creatures
  Terence (D:3)
  3 adders
  A worm (D:2)
  A giant gecko (D:2)
  An orc (D:3)
  6 hobgoblins
  8 kobolds
  A ball python (D:3)
  7 bats
  2 giant cockroaches
  4 giant newts
  3 goblins
  8 rats
  A bush (D:4)
47 creatures vanquished.

Notes
Turn   | Place    | Note
--------------------------------------------------------------
     0 | D:1      | xeno23, the Gargoyle Earth Elementalist, began the quest for the Orb.
     0 | D:1      | Reached XP level 1. HP: 10/10 MP: 2/2
   163 | D:1      | Reached skill level 4 in Earth Magic
   469 | D:1      | Reached XP level 2. HP: 15/15 MP: 1/3
   675 | D:1      | Found a shimmering altar of Xom.
  1124 | D:2      | Reached skill level 5 in Earth Magic
  1124 | D:2      | Reached XP level 3. HP: 17/19 MP: 0/4
  1159 | D:2      | Learned a level 3 spell: Stone Arrow
  1597 | D:2      | Reached skill level 1 in Conjurations
  1700 | D:3      | Noticed Terence
  1786 | D:3      | Killed Terence
  1786 | D:3      | Reached XP level 4. HP: 11/24 MP: 5/5
  2575 | D:4      | Found a glowing silver altar of Zin.
  2575 | D:4      | Found an opulent altar of Gozag.
  2576 | D:4      | Found a white marble altar of Elyvilon.
  2671 | D:4      | Noticed xeno23's ghost (average DrCj)
  2702 | D:4      | Noticed a phantom
  2720 | D:5      | Entered Level 5 of the Dungeon
  2765 | D:5      | Slain by a worker ant

Action                   |  1- 3 |  4- 6 || total
-------------------------+-------+-------++-------
Melee: Unarmed           |    22 |       ||    22
       Hand axe          |       |    95 ||    95
Throw: Stone             |     5 |       ||     5
 Cast: Sandblast         |    52 |    29 ||    81
       Stone Arrow       |       |     2 ||     2
  Eat: Chunk             |     3 |     4 ||     7
